Match 26479882
Unlisted

Match 26479882
End
Kettenkrad Recon Vehicle
Construct Infanterie Kompanie
MG 42 Machine Gun Team
GrW 34 Mortar Team
Grenadier Squad
Construct Panzergrenadier Kompanie
Panzergrenadier Squad
251 Medium Carrier
Pak 40 Anti-tank Gun Team
Support Elements
StuG III G Assault Gun
Pioneer Squad
Construct Luftwaffe Kompanie
Wirbelwind Flakpanzer
Panzergrenadier Squad
Panzergrenadier Squad
Wirbelwind Flakpanzer
Kettenkrad Recon Vehicle
Kettenkrad Recon Vehicle
Pioneer Squad
Selects Breakthrough Battlegroup
Selects Rapid Production
Selects Blitzkrieg
Selects Tiger Heavy Tank
Tiger Heavy Tank
Pioneer Squad
Nebelwerfer 42 Rocket Launcher Team
Tiger Heavy Tank
251 Medium Carrier
Panzergrenadier Squad
Wirbelwind Flakpanzer
Pioneer Squad
Kettenkrad Recon Vehicle
Selects Assault Grenadiers
Selects Smoke Bombing Run
Selects Incendiary Bombing Run
Grenadier Squad
Incendiary Bombing Run
jiro
OMJimas
Martinez
ConcernedApe
0
0

Comments sign in to comment!

No comments posted yet!